 Dungeon Crawl Stone Soup version 0.27.1-33-g824d729ab1 (webtiles) character file.

Game seed: 17559747809884697199

18753 MisterFreud the Frost Mage (level 12, -2/91 HPs)
             Began as a Gnoll Wanderer on Dec 30, 2021.
             Was the Champion of Okawaru.
             Slain by a blink frog (14 damage)
             ... on level 5 of the Lair of Beasts.
             The game lasted 00:35:37 (12302 turns).

MisterFreud the Frost Mage (Gnoll Wanderer)        Turns: 12302, Time: 00:35:38

Health: -2/91      AC: 10    Str: 14    XL:     12   Next: 61%
Magic:  22/24      EV: 13    Int: 19    God:    Okawaru [******]
Gold:   666        SH:  5    Dex:  7    Spells: 21/27 levels left

rFire    . . .     SeeInvis .   H - +1 demon blade (elec)
rCold    . . .     Faith    .   G - +0 buckler
rNeg     . . .     Spirit   .   x - +2 robe {Will+}
rPois    .         Reflect  .   (no helmet)
rElec    .         Harm     .   (no cloak)
rCorr    .         Rampage  .   (no gloves)
Will     ++...                  y - +0 pair of boots
Stlth    +++.......             i - amulet of regeneration
HPRegen  1.25/turn              e - ring of willpower
MPRegen  0.19/turn              K - +4 ring of protection

@: about to teleport
A: fangs 1, strong nose, distributed training
a: Renounce Religion, Heroism, Finesse


You were on level 5 of the Lair of Beasts.
You worshipped Okawaru.
Okawaru was exalted by your worship.
You visited 2 branches of the dungeon, and saw 14 of its levels.

You collected 666 gold pieces.

Inventory:

Hand Weapons
 d - the +6 whip "Hagh" {venom, Fly rPois rF-}
   (You found it on level 5 of the Dungeon)

   It poisons the flesh of those it strikes.
   rF:        It makes you vulnerable to fire.
   rPois:     It protects you from poison.
   Fly:       It grants you flight.
 w - a +2 short sword of electrocution
 H - a +1 demon blade of electrocution (weapon)
Missiles
 a - a curare-tipped dart
 b - 5 javelins
 l - 31 poisoned darts
 m - 6 boomerangs (quivered)
 C - 3 silver boomerangs
Armour
 j - +0 steam dragon scales
 q - the +0 leather armour "Witheusi" {Rampage rC+}
   (You found it on level 4 of the Dungeon)

   rC:        It protects you from cold.
   Rampage:   It bestows one free step when moving towards enemies.
 x - a +2 robe of willpower (worn)
 y - a +0 pair of boots (worn)
 G - a +0 buckler (worn)
Jewellery
 e - a ring of willpower (left hand)
 i - an amulet of regeneration (around neck)
 k - an amulet of faith
 K - a +4 ring of protection (right hand)
Wands
 n - a wand of polymorph (6)
 I - a wand of acid (4)
 N - a wand of iceblast (7)
 O - a wand of flame (9)
Scrolls
 c - 2 scrolls of enchant armour
 g - 2 scrolls of amnesia
 h - 4 scrolls of teleportation
 r - a scroll of summoning
 t - a scroll of fog
 P - a scroll of brand weapon
Potions
 f - 3 potions of flight
 o - 3 potions of lignification
 p - 5 potions of cancellation
 s - a potion of magic
 u - 2 potions of brilliance
 v - a potion of ambrosia
 z - a potion of might {unknown}
 A - 2 potions of invisibility
 B - 2 potions of degeneration {unknown}
 D - 3 potions of haste {unknown}
 E - a potion of berserk rage {unknown}
 F - a potion of attraction {unknown}
 J - a potion of mutation {unknown}
 L - a potion of resistance {unknown}
 M - a potion of curing
Miscellaneous
 Q - a phantom mirror


   Skills:
 + Level 7.4 Fighting
 + Level 7.4 Short Blades
 + Level 7.4 Long Blades
 + Level 7.4 Axes
 + Level 7.4 Maces & Flails
 + Level 7.4 Polearms
 + Level 7.4 Staves
 + Level 7.4 Slings
 + Level 7.4 Bows
 + Level 7.4 Crossbows
 + Level 7.4 Throwing
 + Level 7.4 Armour
 + Level 7.4 Dodging
 + Level 7.4 Stealth
 + Level 7.9 Shields
 + Level 7.4 Unarmed Combat
 + Level 8.0 Spellcasting
 + Level 6.2 Conjurations
 + Level 6.2 Hexes
 + Level 6.2 Summonings
 + Level 6.2 Necromancy
 + Level 8.3 Translocations
 + Level 6.2 Transmutations
 + Level 6.2 Fire Magic
 + Level 9.5 Ice Magic
 + Level 6.2 Air Magic
 + Level 6.2 Earth Magic
 + Level 6.2 Poison Magic
 + Level 8.2 Invocations
 + Level 7.9 Evocations


You had 21 spell levels left.
You knew the following spells:

 Your Spells              Type           Power      Damage    Failure   Level
a - Freeze                Ice            100%       1d11      1%          1
b - Blink                 Tloc           N/A        N/A       1%          2
c - Ozocubu's Armour      Ice            43%        N/A       1%          3

Your spell library contained the following spells:

 Spells                   Type           Power      Damage    Failure   Level
 Shock                    Conj/Air       100%       1d9       1%          1
 Corpse Rot               Necr/Air       N/A        N/A       1%          2
 Poisonous Vapours        Pois/Air       62%        N/A       1%          2
 Slow                     Hex            31%        N/A       1%          2
 Gell's Gravitas          Tloc           19%        N/A       1%          3
 Lesser Beckoning         Tloc           19%        N/A       1%          3
 Teleport Other           Tloc           39%        N/A       1%          3
 Confusing Touch          Hex            31%        N/A       2%          3
 Mephitic Cloud           Conj/Pois/Air  31%        N/A       2%          3
 Vampiric Draining        Necr           15%        2d8       2%          3
 Cause Fear               Hex            15%        N/A       7%          4
 Manifold Assault         Tloc           39%        N/A       9%          5
 Freezing Cloud           Conj/Ice/Air   17%        6-21      12%         5
 Dragon Form              Tmut           15%        N/A       99%         7
 Dragon's Call            Summ           15%        N/A       100%        9


Dungeon Overview and Level Annotations

Branches:
Dungeon (9/15)             Temple (0/1) D:5            Lair (5/6) D:9
  Swamp (0/4) Lair:2       Spider (0/4) Lair:3
  Slime: Lair:5-6       Orc: D:9-12

Altars:
Elyvilon
Gozag
Kikubaaqudgha
Okawaru
Vehumet
Xom
The Shining One

Shops:
D:2 :   D:5 [*

Annotations:
D:8 Harold
Lair:1 exclusion: oklob plant
Lair:3 1 runed translucent door, raph's ghost, adept DEEE


Innate Abilities, Weirdness & Mutations

You have very sharp teeth.
Your uncanny sense of smell can sniff out nearby items.
Your experience applies equally to all skills.


Message History

You slash the blink frog!
The blink frog is moderately wounded.
You block the bullfrog's attack. The water moccasin barely misses you.
The blink frog misses you. You block the blink frog's attack.
The black mamba bites you but does no damage.
Unknown command.
The blink frog blinks!
The black mamba bites you but does no damage.
The water moccasin bites you.
The black mamba bites you but does no damage.
The blink frog blinks!
The blink frog hits you but does no damage.
The blink frog closely misses you.
You riposte.
You completely miss the blink frog.
Okay, then.
Unknown command.
Casting: Ozocubu's Armour (safe; 1% risk of failure)
Confirm with . or Enter, or press ? or * to list all spells.
You blink.
The black mamba bites you!
The bullfrog hits you but does no damage.
The blink frog hits you.
* * * LOW HITPOINT WARNING * * *
The blink frog blinks!
The black mamba bites you but does no damage.
Unknown command.
Unknown command.
Unknown command.
The blink frog blinks!
The bullfrog hits you!
* * * LOW HITPOINT WARNING * * *
The black mamba barely misses you. The blink frog hits you.
* * * LOW HITPOINT WARNING * * *
As you read the scroll of teleportation, it crumbles to dust.
You feel strangely unstable. The black mamba completely misses you.
You block the bullfrog's attack. The water moccasin closely misses you.
The blink frog hits you!
* * * LOW HITPOINT WARNING * * *
The black mamba bites you but does no damage.
A black mamba comes into view.
The blink frog hits you!
You die...

### ##
##.####.#
#..#..#.##
##........#
#........##
#.FSF..<.#
##@SF....#
#..F.......#
##........##
#......#.#
.......#.#
........###
#.......P#
#.....#S..


You could see 2 black mambas, 3 blink frogs, a water moccasin and a bullfrog.

Vanquished Creatures
  3 hydras
  A boulder beetle (Lair:3)
  A two-headed ogre (D:8)
  6 elephants
  2 black mambas
  6 cane toads
  3 komodo dragons (Lair:2)
  4 blink frogs (Lair:2)
  A polar bear (Lair:2)
  Grinder (D:6)
  Prince Ribbit (D:6)
  2 wyverns
  16 yaks
  A wraith (Lair:4)
  A vampire (D:9)
  4 basilisks (D:9)
  A steam dragon (D:6)
  An acid dragon (D:9)
  10 water moccasins
  Duvessa (D:7)
  A hornet zombie (D:9)
  3 sky beasts
  An ice beast (D:7)
  A black bear (Lair:2)
  4 ogres
  5 wolves (Lair:3)
  An orc warrior (D:9)
  2 necrophages
  A phantom (D:5)
  4 kobold brigands
  9 bullfrogs
  4 scorpions (Lair:3)
  A gnoll sergeant (D:9)
  Dowan (D:7)
  5 wights
  A human zombie (D:9)
  A howler monkey (D:5)
  6 centaur zombies
  A quasit (D:6)
  A bullfrog zombie (D:5)
  4 hounds
  A jelly (D:5)
  2 orc priests
  A gnoll shaman (D:6)
  A centaur skeleton (D:7)
  An iguana (D:5)
  4 orc wizards
  A scorpion zombie (D:5)
  Terence (D:3)
  2 killer bee zombies
  A hound skeleton (D:4)
  A mummy (D:9)
  9 gnolls
  3 howler monkey zombies (D:9)
  8 adders
  A white imp (D:7)
  3 worms (Lair:3)
  2 dart slugs
  24 orcs
  2 bats (D:2)
  4 endoplasms
  2 giant cockroaches
  5 goblins
  6 hobgoblins
  8 jackals
  5 quokkas
  6 ball pythons
  5 frilled lizards
  A goblin skeleton (D:6)
  A goblin zombie (D:6)
  2 hobgoblin zombies (D:6)
  21 kobolds
  A kobold skeleton (D:6)
  An orc skeleton (D:6)
  9 rats
268 creatures vanquished.

Vanquished Creatures (others)
  A jelly (D:8)
  4 fungi
  25 plants
30 creatures vanquished.

Grand Total: 298 creatures vanquished

Notes
Turn   | Place    | Note
-------+----------+-------------------------------------------
     0 | D:1      | MisterFreud the Gnoll Wanderer began the quest for the Orb.
     0 | D:1      | MisterFreud set off with the following items: a +0 club, a
                  | +0 robe; and the following spells available to memorise:
                  | Freeze, Blink, Ozocubu's Armour, Gell's Gravitas, Lesser
                  | Beckoning, Teleport Other, Shock, Mephitic Cloud, Manifold
                  | Assault
     0 | D:1      | Reached XP level 1. HP: 13/13 MP: 4/4
     2 | D:1      | Learned a level 1 spell: Freeze
    42 | D:1      | You fall into a shaft and drop 1 floor!
    42 | D:2      | Noticed a necrophage
    79 | D:2      | You fall into a shaft and drop 1 floor!
   353 | D:3      | Noticed an orc wizard
   359 | D:3      | Killed an orc wizard
   360 | D:3      | Reached XP level 2. HP: 3/20 MP: 1/5
   360 | D:3      | Reached XP level 3. HP: 4/25 MP: 1/7
   376 | D:3      | HP: 1/25 [orc/boomerang (4)]
   390 | D:3      | HP: 1/25 [orc/boomerang (2)]
   749 | D:3      | Noticed Terence
   774 | D:2      | Found Atiwus's Book Emporium.
   790 | D:2      | Learned a level 2 spell: Blink
   794 | D:2      | Learned a level 3 spell: Ozocubu's Armour
   817 | D:2      | Killed a necrophage
   818 | D:2      | Reached skill level 1 in Fighting
   818 | D:2      | Reached skill level 1 in Short Blades
   818 | D:2      | Reached skill level 1 in Long Blades
   818 | D:2      | Reached skill level 1 in Axes
   818 | D:2      | Reached skill level 1 in Maces & Flails
   818 | D:2      | Reached skill level 1 in Polearms
   818 | D:2      | Reached skill level 1 in Staves
   818 | D:2      | Reached skill level 1 in Slings
   818 | D:2      | Reached skill level 1 in Bows
   818 | D:2      | Reached skill level 1 in Crossbows
   818 | D:2      | Reached skill level 1 in Throwing
   818 | D:2      | Reached skill level 1 in Armour
   818 | D:2      | Reached skill level 1 in Dodging
   818 | D:2      | Reached skill level 1 in Stealth
   818 | D:2      | Reached skill level 1 in Unarmed Combat
   818 | D:2      | Reached skill level 1 in Conjurations
   818 | D:2      | Reached skill level 1 in Hexes
   818 | D:2      | Reached skill level 1 in Summonings
   818 | D:2      | Reached skill level 1 in Necromancy
   818 | D:2      | Reached skill level 1 in Transmutations
   818 | D:2      | Reached skill level 1 in Fire Magic
   818 | D:2      | Reached skill level 1 in Air Magic
   818 | D:2      | Reached skill level 1 in Earth Magic
   818 | D:2      | Reached skill level 1 in Poison Magic
   818 | D:2      | Reached skill level 1 in Invocations
   818 | D:2      | Reached XP level 4. HP: 9/32 MP: 0/8
   917 | D:3      | Reached XP level 5. HP: 5/37 MP: 3/9
  2077 | D:1      | Found a faded altar of an unknown god.
  2086 | D:1      | Became a worshipper of Warmaster Okawaru
  2086 | D:1      | Reached * piety under Okawaru
  2828 | D:3      | Killed Terence
  2909 | D:3      | Reached XP level 6. HP: 44/44 MP: 4/11
  3334 | D:3      | Found a radiant altar of Vehumet.
  3939 | D:4      | Identified the +0 leather armour "Witheusi" {Rampage rC+}
  3966 | D:4      | Noticed a water moccasin
  3975 | D:4      | Killed a water moccasin
  3976 | D:4      | Reached XP level 7. HP: 45/51 MP: 2/12
  4400 | D:4      | Reached ** piety under Okawaru
  4874 | D:4      | Found an opulent altar of Gozag.
  4940 | D:5      | Entered Level 5 of the Dungeon
  5067 | D:5      | Identified the +6 whip "Hagh" {venom, Fly rPois rF-}
  5104 | D:5      | Found a staircase to the Ecumenical Temple.
  5135 | D:5      | Found a white marble altar of Elyvilon.
  5177 | D:5      | Reached XP level 8. HP: 31/57 MP: 7/14
  5283 | D:5      | Found Vocwuer's Armour Boutique.
  5337 | D:5      | Identified the +3 ring mail of Precision Catastrophes {Harm
                  | Int+3}
  5486 | D:5      | Found Wissie's Neck Hole.
  5891 | D:6      | Reached *** piety under Okawaru
  5995 | D:6      | Found a glowing golden altar of the Shining One.
  6308 | D:6      | Noticed Grinder
  6324 | D:6      | Killed Grinder
  6325 | D:6      | Reached XP level 9. HP: 53/65 MP: 13/16
  6385 | D:6      | Noticed Prince Ribbit
  6406 | D:6      | Reached skill level 5 in Spellcasting
  6423 | D:6      | Killed Prince Ribbit
  6424 | D:6      | Reached skill level 8 in Ice Magic
  6571 | D:6      | Reached skill level 5 in Shields
  6571 | D:6      | Reached skill level 5 in Evocations
  6929 | D:7      | Reached **** piety under Okawaru
  6968 | D:7      | Noticed Dowan
  6968 | D:7      | Noticed Duvessa
  7287 | D:7      | Killed Dowan
  7296 | D:7      | Reached skill level 5 in Invocations
  7509 | D:7      | Killed Duvessa
  7717 | D:7      | Reached ***** piety under Okawaru
  7718 | D:7      | Reached XP level 10. HP: 61/73 MP: 16/18
  7806 | D:8      | Noticed Harold
  7825 | D:8      | Found an iron altar of Okawaru.
  7870 | D:8      | Reached skill level 5 in Fighting
  7870 | D:8      | Reached skill level 5 in Short Blades
  7870 | D:8      | Reached skill level 5 in Long Blades
  7870 | D:8      | Reached skill level 5 in Axes
  7870 | D:8      | Reached skill level 5 in Maces & Flails
  7870 | D:8      | Reached skill level 5 in Polearms
  7870 | D:8      | Reached skill level 5 in Staves
  7870 | D:8      | Reached skill level 5 in Slings
  7870 | D:8      | Reached skill level 5 in Bows
  7870 | D:8      | Reached skill level 5 in Crossbows
  7870 | D:8      | Reached skill level 5 in Throwing
  7870 | D:8      | Reached skill level 5 in Armour
  7870 | D:8      | Reached skill level 5 in Dodging
  7870 | D:8      | Reached skill level 5 in Stealth
  7870 | D:8      | Reached skill level 5 in Unarmed Combat
  7886 | D:8      | Noticed a two-headed ogre
  7899 | D:8      | Killed a two-headed ogre
  8713 | D:9      | Found an ancient bone altar of Kikubaaqudgha.
  8782 | D:9      | Received a gift from Okawaru
  9468 | D:9      | Found a staircase to the Lair.
  9498 | Lair:1   | Entered Level 1 of the Lair of Beasts
  9554 | Lair:1   | Noticed an oklob plant
  9714 | Lair:1   | Reached XP level 11. HP: 60/81 MP: 15/20
  9866 | Lair:1   | Noticed a six-headed hydra
  9892 | Lair:1   | Killed a six-headed hydra
  9952 | Lair:1   | Reached skill level 5 in Conjurations
  9952 | Lair:1   | Reached skill level 5 in Hexes
  9952 | Lair:1   | Reached skill level 5 in Summonings
  9952 | Lair:1   | Reached skill level 5 in Necromancy
  9952 | Lair:1   | Reached skill level 5 in Transmutations
  9952 | Lair:1   | Reached skill level 5 in Fire Magic
  9952 | Lair:1   | Reached skill level 5 in Air Magic
  9952 | Lair:1   | Reached skill level 5 in Earth Magic
  9952 | Lair:1   | Reached skill level 5 in Poison Magic
  9962 | Lair:1   | Identified the +3 longbow "Vear" {flame, rN++ Str-4}
                  | (Okawaru gifted it to you on level 1 of the Lair of Beasts)
  9962 | Lair:1   | Received a gift from Okawaru
 10297 | Lair:2   | Found a staircase to the Swamp.
 10359 | Lair:2   | Noticed a four-headed hydra
 10368 | Lair:2   | Killed a four-headed hydra
 10374 | Lair:2   | Reached skill level 9 in Ice Magic
 10577 | Lair:2   | Received a gift from Okawaru
 10776 | Lair:2   | Noticed an eight-headed hydra
 10920 | Lair:2   | Killed an eight-headed hydra
 10920 | Lair:2   | Reached ****** piety under Okawaru
 11212 | Lair:3   | Identified the +9 hunting sling of the Glimmering Oracle
                  | {freeze, Str+4} (Okawaru gifted it to you on level 3 of the
                  | Lair of Beasts)
 11212 | Lair:3   | Received a gift from Okawaru
 11213 | Lair:3   | Reached XP level 12. HP: 80/89 MP: 21/23
 11361 | Lair:3   | Noticed a boulder beetle
 11367 | Lair:3   | Found a hole to the Spider Nest.
 11458 | Lair:3   | Killed a boulder beetle
 11738 | Lair:3   | Received a gift from Okawaru
 11837 | Lair:3   | Found a shimmering altar of Xom.
 11837 | Lair:3   | Noticed raph's ghost (adept DEEE)
 11839 | Lair:3   | Found a runed translucent door.
 12302 | Lair:5   | Slain by a blink frog

Illustrated notes

Levels and vault maps discovered:
D:1:      dpeg_arrival_stone_temple_mockup, layout_rooms,
          dreamdust_ecumenical_altar_statues, serial_bayou_lake_a
D:2:      layout_rooms, serial_shops, shop, minmay_strange_pillars,
          minmay_bisected
D:3:      layout_loops_ring, nicolae_vehumet_altar_sigil, kennysheep_boxes,
          uniq_terence
D:4:      layout_loops_cross, kennysheep_little_box
D:5:      layout_loops_ring, general_overflow_altar, minmay_temple_entry_arrows,
          serial_shops, shop_statue, grunt_ministairs_9,
          hangedman_decor_riveting, nicolae_shop_sticking_my_neck_out
D:6:      layout_loops_ring, nicolae_tso_besieged_by_evil, uniq_grinder,
          uniq_prince_ribbit1
D:7:      layout_basic, uniq_duvessa
D:8:      layout_rooms, mainiacjoe_overflow_alcove_2, lemuel_flame_loot_1,
          uniq_harold
D:9:      layout_roguey, lemuel_mausoleum_altar_kikubaaqudgha, erik_lair_dragon
Lair:1:   layout_hall_layers, minmay_lair_oklob_chamber
Lair:2:   layout_gridlike, swamp_mist, small_statue_intersection
Lair:3:   layout_long_grid, nicolae_spider_entry_non_spiders, serial_rivers,
          chequers_serial_rivers_micro_a, chequers_serial_rivers_micro_d,
          chequers_serial_rivers_small_b, chequers_serial_rivers_micro_a,
          chequers_serial_rivers_micro_e, ebering_ghost_xom
Lair:4:   layout_small_grid, pf_torpor_hydra, grunt_megastairs_1,
          serial_bayou_shore_a, uniq_sonja, uniq_josephine, uniq_nergalle
Lair:5:   cheibrodos_lair_river_kwai, layout_cave_pods,
          minmay_slime_entry_oklob_open, infiniplex_staircase_pool

Skill      XL: |  1  2  3  4  5  6  7  8  9 10 11 12 |
---------------+-------------------------------------+-----
Fighting       | 1 2 3 4 5 6 7 |  7.4
Short Blades   | 1 2 3 4 5 6 7 |  7.4
Long Blades    | 1 2 3 4 5 6 7 |  7.4
Axes           | 1 2 3 4 5 6 7 |  7.4
Maces & Flails | 1 2 3 4 5 6 7 |  7.4
Polearms       | 1 2 3 4 5 6 7 |  7.4
Staves         | 1 2 3 4 5 6 7 |  7.4
Slings         | 1 2 3 4 5 6 7 |  7.4
Bows           | 1 2 3 4 5 6 7 |  7.4
Crossbows      | 1 2 3 4 5 6 7 |  7.4
Throwing       | 1 2 3 4 5 6 7 |  7.4
Armour         | 1 2 3 4 5 6 7 |  7.4
Dodging        | 1 2 3 4 5 6 7 |  7.4
Stealth        | 1 2 3 4 5 6 7 |  7.4
Unarmed Combat | 1 2 3 4 5 6 7 |  7.4
Spellcasting   | 3 4 5 6 7 8 |  8.0
Conjurations   | 1 2 3 4 5 6 |  6.2
Hexes          | 1 2 3 4 5 6 |  6.2
Summonings     | 1 2 3 4 5 6 |  6.2
Necromancy     | 1 2 3 4 5 6 |  6.2
Transmutations | 1 2 3 4 5 6 |  6.2
Fire Magic     | 1 2 3 4 5 6 |  6.2
Air Magic      | 1 2 3 4 5 6 |  6.2
Earth Magic    | 1 2 3 4 5 6 |  6.2
Poison Magic   | 1 2 3 4 5 6 |  6.2
Invocations    | 1 2 3 4 5 6 7 8 |  8.2
Shields        | 3 4 5 6 7 |  7.9
Evocations     | 3 4 5 6 7 |  7.9
Translocations | 6 7 8 |  8.3
Ice Magic      | 8 9 |  9.5

Action                   |  1- 3 |  4- 6 |  7- 9 | 10-12 || total
-------------------------+-------+-------+-------+-------++-------
Melee: Club              |    10 |    54 |       |       ||    64
       Bite              |     1 |     3 |    20 |    59 ||    83
       Quarterstaff      |       |     8 |     2 |       ||    10
       Whip              |       |       |   307 |   118 ||   425
       Punch             |       |       |     6 |     1 ||     7
       Demon blade       |       |       |       |   413 ||   413
       Short sword       |       |       |       |   108 ||   108
Throw: Dart              |       |     2 |       |     1 ||     3
       Boomerang         |       |       |    25 |   121 ||   146
 Cast: Freeze            |    17 |   103 |    34 |       ||   154
       Ozocubu's Armour  |     1 |    10 |    27 |    45 ||    83
       Blink             |       |       |       |     1 ||     1
Invok: Heroism           |       |       |     2 |     4 ||     6
       Finesse           |       |       |       |     2 ||     2
Evoke: Wand              |       |       |       |     5 ||     5
  Use: Scroll            |       |     1 |    14 |     7 ||    22
       Potion            |       |       |       |     4 ||     4
 Stab: Sleeping          |       |       |     3 |     6 ||     9
Armor: Robe              |    14 |    52 |    83 |   207 ||   356
       Steam dragon scal |       |       |    20 |       ||    20
       Skin              |       |       |       |    25 ||    25
Dodge: Dodged            |    24 |    84 |   189 |   336 ||   633
Block: Buckler           |       |       |       |   108 ||   108
       Rpst.: Demon blade |       |       |       |    76 ||    76
